 Dungeon Crawl Stone Soup version 0.30-a0-540-g0af01429fa (webtiles) character file.

Game seed: 15291585078299210795

4842 greenreed the Basher (level 10, -6/91 HPs)
             Began as a Minotaur Fighter on Dec 25, 2022.
             Was an Elder of Nemelex Xobeh.
             Mangled by a two-headed ogre
             ... wielding a +0 giant club
              (18 damage)
             ... on level 9 of the Dungeon.
             The game lasted 00:12:09 (9730 turns).

greenreed the Basher (Minotaur Fighter)             Turns: 9730, Time: 00:12:10

Health: -6/91      AC:  9    Str: 32    XL:     10   Next: 25%
Magic:  11/11      EV: 11    Int:  5    God:    Nemelex Xobeh [****..]
Gold:   571        SH:  5    Dex:  9    Spells: 9/9 levels left

rFire   . . .      SeeInvis .    k - +1 whip (elec)
rCold   . . .      Faith    .    c - +0 buckler
rNeg    . . .      Spirit   .    b - +0 scale mail
rPois   +          Reflect  .    (helmet restricted)
rElec   .          Harm     .    p - +0 cloak
rCorr   .          Rampage  .    (no gloves)
Will    .....                    (no boots) Stlth
                                 (no amulet)
HPRegen 0.35/turn                g - ring of poison resistance
MPRegen 0.12/turn                E - +6 ring of strength

@: mighty, slowed, very slow
A: horns 2, retaliatory headbutt
a: Renounce Religion, Draw Escape, Draw Destruction, Draw Summoning, Triple
Draw, Deal Four


You were on level 9 of the Dungeon.
You worshipped Nemelex Xobeh.
Nemelex Xobeh was greatly pleased with you.
You visited 2 branches of the dungeon, and saw 10 of its levels.

You collected 571 gold pieces.

Inventory:

Hand Weapons
 a - a +0 flail
 k - a +1 whip of electrocution (weapon)
Armour
 b - a +0 scale mail (worn)
 c - a +0 buckler (worn)
 p - a +0 cloak (worn)
Jewellery
 g - a ring of poison resistance (left hand)
 s - a ring of magical power
 E - a +6 ring of strength (right hand)
 F - a ring of resist corrosion
 M - a ring of ice
Wands
 u - a wand of charming (3)
 x - a wand of iceblast (6)
 B - a wand of flame (18)
 J - a wand of quicksilver (8)
 L - a wand of digging (4)
Scrolls
 e - 9 scrolls of identify {unknown}
 f - 2 scrolls of blinking {unknown}
 h - 2 scrolls of noise {unknown}
 j - 2 scrolls of butterflies {unknown}
 m - a scroll of poison {unknown}
 n - 5 scrolls of teleportation {unknown}
 o - a scroll of amnesia {unknown}
 v - 2 scrolls of vulnerability {unknown}
 y - a scroll of fog {unknown}
 C - a scroll of silence {unknown}
 G - a scroll of enchant armour {unknown}
 K - a scroll of immolation {unknown}
Potions
 d - a potion of might
 i - a potion of magic {unknown}
 l - 2 potions of mutation {unknown}
 q - 3 potions of curing {unknown}
 r - 2 potions of haste {unknown}
 t - a potion of brilliance {unknown}
 w - a potion of cancellation {unknown}
 z - a potion of flight {unknown}
 A - a potion of ambrosia {unknown}
 D - a potion of invisibility {unknown}
 H - a potion of degeneration {unknown}


   Skills:
 * Level 9.3 Fighting
 * Level 11.3 Maces & Flails
 + Level 9.1 Armour
 + Level 3.3 Dodging
 + Level 1.6 Stealth
 + Level 5.5 Shields
 * Level 3.7 Invocations


You had 9 spell levels left.
You didn't know any spells.
Your spell library contained the following spells:

 Spells                   Type           Power      Damage    Failure   Level
 Foxfire                  Conj/Fire      0%         2x1d4     77%         1
 Sting                    Tmut/Pois      0%         1d3       77%         1
 Summon Small Mammal      Summ           0%         N/A       77%         1
 Blink                    Tloc           0%         N/A       88%         2
 Momentum Strike          Conj/Tloc      0%         3d8       88%         2
 Poisonous Vapours        Pois/Air       0%         N/A       88%         2
 Call Canine Familiar     Summ           0%         N/A       98%         3
 Lesser Beckoning         Tloc           0%         N/A       98%         3
 Portal Projectile        Hex/Tloc       0%         N/A       98%         3
 Summon Guardian Golem    Hex/Summ       0%         N/A       98%         3
 Cause Fear               Hex            0%         N/A       100%        4
 Leda's Liquefaction      Hex/Erth       0%         N/A       100%        4
 Olgreb's Toxic Radiance  Pois           0%         N/A       100%        4
 Fireball                 Conj/Fire      0%         3d3       100%        5
 Starburst                Conj/Fire      0%         6d3       100%        6
 Dragon Form              Tmut           0%         N/A       100%        7
 Dragon's Call            Summ           0%         N/A       100%        9


Dungeon Overview and Level Annotations

Branches:
Dungeon (9/15)             Temple (1/1) D:6            Lair (0/5) D:8
    Orc: D:9-12

Altars:
Ashenzari
Cheibriados
Dithmenos
Elyvilon
Fedhas
Gozag
Hepliaklqana
Kikubaaqudgha
Makhleb
Nemelex Xobeh
Okawaru
Qazlal
Ru
Sif Muna
Trog
Uskayaw
Vehumet
Wu Jian
Xom
Yredelemnul
Zin
The Shining One

Portals:
Abyss: D:6

Annotations:
D:6 2 transporters, logorrheac's ghost, novice DECj


Innate Abilities, Weirdness & Mutations

You have a pair of horns on your head.
You reflexively headbutt those who attack you in melee.


Message History

* * * LOW HITPOINT WARNING * * *
The wraith hits you!
* * * LOW HITPOINT WARNING * * *
Throw: 2 throwing nets
Press: ? - help, Q - select action, (/) - cycle Shift-Dir - straight line, f - two-headed ogre
Aim: a two-headed ogre, wielding two +0 giant clubs (74% to hit)
You throw a throwing net.
The throwing net hits the two-headed ogre.
The two-headed ogre is caught in the net!
The wraith barely misses you. You furiously retaliate!
You headbutt the wraith.
The two-headed ogre struggles against the net.
The wraith barely misses you.
The two-headed ogre struggles against the net. x2
You feel very mighty all of a sudden. The wraith closely misses you.
The two-headed ogre struggles against the net.
The wraith hits you.
* * * LOW HITPOINT WARNING * * *
The wraith drains your vigour!
You feel as though you will be slow longer.
You whack the wraith! You headbutt the wraith.
You destroy the wraith!
The two-headed ogre struggles against the net.
The two-headed ogre struggles against the net.
The net rips apart, and the two-headed ogre comes free!
Throw: throwing net
Press: ? - help, Q - select action, (/) - cycle Shift-Dir - straight line, f/p - two-headed ogre
Aim: a two-headed ogre, wielding two +0 giant clubs (74% to hit)
You throw a throwing net.
The throwing net hits the two-headed ogre.
The two-headed ogre is caught in the net!
The two-headed ogre struggles against the net.
The two-headed ogre struggles against the net. x2
The two-headed ogre struggles against the net.
The two-headed ogre struggles against the net.
The net rips apart, and the two-headed ogre comes free!
The two-headed ogre misses you.
The two-headed ogre hits you with a +0 giant club!!
You die...
Your body disappears without a glow.

#.##'#.#####...........
#.##.....# #...........
#.##.....# #...........
#.##.....###...........
#.##......<#...........
#.##.#######...........
#.##.#######...........
#.##.##................
#.##..@O...............
#.#####................
#..................)...
######.................
#.##+##...........
##'##.##...........
#...#.##...........
#...#.##..........)
#...#.##...........


You could see a two-headed ogre.

Vanquished Creatures
  Pikel (D:8)
  A troll (D:9)
  A wraith (D:9)
  5 yaks (D:9)
  A wyvern (D:9)
  Grum (D:8)
  A water moccasin (D:5)
  An orc warrior (D:8)
  An ogre (D:3)
  2 sky beasts (D:7)
  2 wolves (D:8)
  A centaur (D:9)
  6 bullfrogs
  3 scorpions
  6 wights
  12 killer bees (D:8)
  3 howler monkeys
  2 jellies
  5 orc priests
  A gnoll bouda (D:5)
  3 hounds
  4 iguanas
  5 orc wizards
  5 gnolls (D:5)
  7 adders
  3 white imps
  2 ufetubi (D:6)
  4 worms
  3 dart slugs
  30 orcs
  5 bats
  6 endoplasms
  4 giant cockroaches
  3 goblins
  4 hobgoblins
  4 jackals (D:4)
  7 kobolds
  4 quokkas
  3 ball pythons
  10 frilled lizards (D:1)
  5 rats
  A butterfly (D:6)
178 creatures vanquished.

Vanquished Creatures (others)
  24 fungi (D:8)
  22 plants
46 creatures vanquished.

Grand Total: 224 creatures vanquished

Notes
Turn   | Place    | Note
-------+----------+-------------------------------------------
     0 | D:1      | greenreed the Minotaur Fighter began the quest for the Orb.
     0 | D:1      | Reached XP level 1. HP: 19/19 MP: 0/0
    87 | D:1      | Reached XP level 2. HP: 27/27 MP: 1/1
   888 | D:2      | Reached XP level 3. HP: 33/33 MP: 2/2
   939 | D:2      | Reached skill level 3 in Maces & Flails
  1124 | D:2      | Reached XP level 4. HP: 41/41 MP: 3/3
  1535 | D:3      | Reached skill level 4 in Maces & Flails
  1539 | D:3      | Reached XP level 5. HP: 43/47 MP: 4/4
  1731 | D:3      | Found a sparkling altar of Nemelex Xobeh.
  1735 | D:3      | Became a worshipper of Nemelex Xobeh the Trickster
  2435 | D:4      | Reached * piety under Nemelex Xobeh
  2477 | D:4      | Reached skill level 5 in Fighting
  2497 | D:4      | Found a white marble altar of Elyvilon.
  2574 | D:4      | Reached skill level 5 in Maces & Flails
  2574 | D:4      | Reached skill level 5 in Armour
  2574 | D:4      | Reached XP level 6. HP: 50/56 MP: 5/5
  2917 | D:3      | Reached skill level 1 in Dodging
  3166 | D:4      | Found an ornate altar of the Wu Jian Council.
  3249 | D:4      | Found a shimmering blue altar of Sif Muna.
  3314 | D:4      | Received a gift from Nemelex Xobeh
  3628 | D:4      | Found a sacrificial altar of Ru.
  3691 | D:5      | Entered Level 5 of the Dungeon
  3764 | D:5      | Reached skill level 6 in Maces & Flails
  3847 | D:5      | Reached XP level 7. HP: 50/61 MP: 6/6
  4693 | D:5      | Reached ** piety under Nemelex Xobeh
  4820 | D:5      | Found a snail-covered altar of Cheibriados.
  5091 | D:6      | Noticed an ancient zyme
  5093 | D:6      | Reached skill level 1 in Stealth
  5149 | D:6      | Found a transporter.
  5164 | D:6      | Found a transporter.
  5164 | D:6      | Noticed an ancient zyme
  5165 | D:6      | Found a one-way gate to the infinite horrors of the Abyss.
  5165 | D:6      | Noticed logorrheac's ghost (novice DECj)
  5357 | D:6      | Reached skill level 7 in Maces & Flails
  5476 | D:5      | Reached XP level 8. HP: 59/69 MP: 7/7
  5842 | D:6      | Found a glowing silver altar of Zin.
  5859 | D:6      | Found a staircase to the Ecumenical Temple.
  5904 | Temple   | Entered the Ecumenical Temple
  6236 | D:6      | Found a hazy altar of Hepliaklqana.
  6619 | D:7      | Reached skill level 8 in Maces & Flails
  6833 | D:7      | Found a radiant altar of Vehumet.
  6899 | D:7      | Reached *** piety under Nemelex Xobeh
  7061 | D:7      | You fall into a shaft and drop 1 floor!
  7107 | D:8      | Received a gift from Nemelex Xobeh
  7290 | D:8      | Found an opulent altar of Gozag.
  7385 | D:7      | Received a gift from Nemelex Xobeh
  8010 | D:8      | Noticed Pikel
  8030 | D:8      | Killed Pikel
  8031 | D:8      | Reached skill level 9 in Maces & Flails
  8031 | D:8      | Reached skill level 5 in Shields
  8031 | D:8      | Reached skill level 1 in Invocations
  8031 | D:8      | Reached XP level 9. HP: 75/81 MP: 7/9
  8426 | D:8      | Reached **** piety under Nemelex Xobeh
  8426 | D:8      | Received a gift from Nemelex Xobeh
  8506 | D:8      | Reached skill level 10 in Maces & Flails
  8613 | D:8      | Noticed Grum
  8623 | D:8      | Killed Grum
  8742 | D:8      | Found a shadowy altar of Dithmenos.
  8783 | D:8      | Found a staircase to the Lair.
  9223 | D:9      | Noticed a troll
  9234 | D:9      | Killed a troll
  9235 | D:9      | Reached XP level 10. HP: 45/90 MP: 11/11
  9659 | D:9      | Reached skill level 11 in Maces & Flails
  9674 | D:9      | Noticed a two-headed ogre
  9716 | D:9      | HP: 4/91 [wraith (6)]
  9730 | D:9      | Mangled by a two-headed ogre

Illustrated notes

Levels and vault maps discovered:
D:1:      lemuel_arrival_rhombus, layout_loops_corners, serial_park_tiny_2,
          minmay_lizard_king
D:2:      layout_rooms, minmay_misc_feat_diagonals
D:3:      layout_loops_corners, nemelex_diamond_rough_becter
D:4:      layout_layer_cave, mainiacjoe_overflow_alcove_4,
          nicolae_overflow_crystal_walls,
          mainiacjoe_overflow_concentric_impassable,
          nicolae_wu_jian_wuxing_cycle
D:5:      layout_basic, lemuel_coloured_pillars_altar
D:6:      layout_basic, worldfamousw_hep_ancestral_shrine,
          overflow_temple_1_default, minmay_temple_entry_butterflies,
          gammafunk_ghost_abyssal_escape
D:7:      layout_loops_corners, mainiacjoe_overflow_tiny_flanked
D:8:      layout_basic, grunt_gozag_statues, mainiacjoe_overflow_cross_hatched,
          grunt_lair_entry_orc_guard_hut, uniq_pikel, uniq_grum
D:9:      layout_basic, nicolae_concentric_dashed_squares_mild
Temple:   minmay_temple_curvy_loop

Skill      XL: |  1  2  3  4  5  6  7  8  9 10 |
---------------+-------------------------------+-----
Armour         | 4 5 6 8 9 |  9.1
Fighting       | 4 5 6 7 8 9 |  9.3
Shields        | 4 5 |  5.5
Maces & Flails | 3 4 5 6 7 9 10 11 | 11.3
Dodging        | 1 2 3 |  3.3
Stealth        | 1 |  1.6
Invocations    | 1 3 |  3.7

Action                   |  1- 3 |  4- 6 |  7- 9 | 10-12 || total
-------------------------+-------+-------+-------+-------++-------
Melee: Flail             |    53 |       |       |       ||    53
       Headbutt          |    11 |    28 |    50 |    12 ||   101
       Whip              |    24 |   136 |   305 |    28 ||   493
Throw: Throwing net      |       |       |       |     2 ||     2
  Use: Potion            |       |       |       |     1 ||     1
Armor: Scale mail        |    40 |    55 |    59 |     8 ||   162
Dodge: Dodged            |    37 |    60 |   111 |    17 ||   225
Block: Buckler           |    12 |    15 |    48 |     1 ||    76

Table legend: (Time is in decaauts)
 A = Elapsed time spent in this place.
 B = Non-inter-level travel time spent in this place.
 C = Inter-level travel time spent in this place.
 D = Time resting spent in this place.
 E = Time spent auto-exploring this place.
 F = Levels seen in this place.
 G = Mean time per level.
                   A        B        C        D        E       F      G
               +--------+--------+--------+--------+--------+-----+--------+
         Total |   9642 |   9269 |    373 |    525 |   7619 |  10 |  964.2 |
       Dungeon |   9425 |   9079 |    346 |    525 |   7436 |   9 | 1047.2 |
        Temple |    216 |    189 |     27 |      0 |    183 |   1 |  216.0 |
               +--------+--------+--------+--------+--------+-----+--------+

Top non-repeatable levels by time:
     D:5: 1469 daAuts
     D:8: 1313 daAuts
     D:3: 1163 daAuts
     D:6: 1106 daAuts
     D:7: 1081 daAuts
     D:4: 1054 daAuts
     D:1: 888 daAuts
     D:9: 759 daAuts
     D:2: 588 daAuts
  Temple: 216 daAuts
